 Dungeon Crawl Stone Soup version 0.22-a0-407-gb098539 (webtiles) character file.

12 dstrtnsr the Chopper (level 2, -1/27 HPs)
             Began as a Hill Orc Berserker on May 9, 2018.
             Was a Follower of Trog.
             Slain by a worm (8 damage)
             ... on level 2 of the Dungeon.
             The game lasted 00:00:09 (22 turns).

dstrtnsr the Chopper (Hill Orc Berserker)             Turns: 22, Time: 00:00:09

Health: -1/27      AC:  2    Str: 19    XL:     2   Next: 33%
Magic:  2/2        EV: 12    Int:  7    God:    Trog [*.....]
Gold:   0          SH:  0    Dex: 10    Spells: 1/1 levels left

rFire    . . .     SeeInvis .   a - +0 hand axe
rCold    . . .     Gourm    .   (no shield)
rNeg     . . .     Faith    .   b - +0 animal skin
rPois    .         Spirit   .   (no helmet)
rElec    .         Reflect  .   (no cloak)
rCorr    .         Harm     .   (no gloves)
MR       .....                  (no boots)
Stlth    +.........             (no amulet)
HPRegen  0.09/turn              (no ring)
MPRegen  0.08/turn              (no ring)

@: lethally poisoned (-1 -> -8), berserk cooldown, slowed, very slow
A: no striking features
a: Berserk, Renounce Religion


You were on level 2 of the Dungeon.
You worshipped Trog.
Trog was aware of your devotion.
You were not hungry.

You visited 1 branch of the dungeon, and saw 2 of its levels.

Inventory:

Hand Weapons
 a - a +0 hand axe (weapon)
Armour
 b - a +0 animal skin (worn)
Comestibles
 e - a ration {!d}


   Skills:
 + Level 3.9 Fighting
 * Level 4.7 Axes
 - Level 2.1 Armour
 - Level 1.5 Dodging


You had one spell level left.
You didn't know any spells.

Dungeon Overview and Level Annotations

Branches:
Dungeon (2/15)

Altars:


Message History

Welcome, dstrtnsr the Hill Orc Berserker.
It is said that the Orb of Zot exists deep within this dungeon.
Trog says: Kill them all!
Press ? for a list of commands and other information.
Found two stairs.
You don't know any spells.
You can't go down here!
Unknown command.
There is a stone staircase leading down here.
You climb downwards.
A frilled lizard and a bat come into view.
The frilled lizard hisses angrily.
You hear an angry hiss.
Found 23 arrows and 21 stones.
There is a stone staircase leading up here.
Unknown command.
An adder comes into view.
The bat hits you but does no damage.
You slash the bat!
You kill the bat!
Trog accepts your kill.
You hit the frilled lizard but do no damage.
The frilled lizard bites you but does no damage.
A kobold comes into view.
You barely miss the frilled lizard.
The kobold shouts!
The frilled lizard bites you but does no damage.
You closely miss the adder. You closely miss the frilled lizard.
The adder bites you but does no damage. The frilled lizard bites you.
The adder barely misses you.
A red film seems to cover your vision as you go berserk!
You feel yourself moving faster!
You feel mighty!
You feel a lot more hungry. The adder bites you but does no damage.
The frilled lizard bites you but does no damage.
You hit the adder.
The adder is moderately wounded.
You barely miss the frilled lizard. The adder bites you.
You are poisoned.
The adder poisons you!
You slash the adder!
You feel the power of Trog in you as your rage grows.
You kill the adder!
Trog accepts your kill.
You have reached level 2!
You hit the frilled lizard.
You kill the frilled lizard!
Trog accepts your kill.
You feel sick.
The kobold throws a stone.
The stone closely misses you.
You see here a frilled lizard corpse.
You feel a strong urge to attack something.
The kobold closely misses you.
Unknown command.
Unknown command.
Unknown command.
You slash the kobold!
You kill the kobold!
Trog accepts your kill.
You feel sick.
Unknown command.
Unknown command.
No target in view!
Unknown command.
No target in view!
No target in view!
A kobold comes into view. It is wielding a whip.
You see here a frilled lizard corpse.
Calm down first, please.
Unknown command.
Calm down first, please.
Calm down first, please.
You feel a strong urge to attack something.
The kobold shouts!
The kobold throws a stone.
The stone closely misses you.
An adder comes into view.
You feel your anger nearly subside.
You are no longer berserk.
You are exhausted.
You feel yourself slow down.
You feel sick.
The adder hisses angrily.
The kobold throws a stone.
The stone hits you.
You see here a stone.
You enter a teleport trap!
The teleport trap disappears.
Your surroundings suddenly seem different.
An adder, a worm and 2 hobgoblins come into view.
Found a ration and 9 gold pieces.
Found a stone staircase leading up.
The helpless adder fails to defend itself.
You hit the adder but do no damage.
You feel sick.
The hobgoblin shouts!
The adder bites you. x2
The hobgoblin shouts!
You hit the adder.
The adder is heavily wounded.
The adder bites you. The adder barely misses you.
You hit the adder.
The adder is severely wounded.
You hit the worm but do no damage. The adder bites you.
You are more poisoned.
The adder poisons you! The adder bites you.
* * * LOW HITPOINT WARNING * * *
The worm bites you!
You die...

#.......# .#
#.......###.###
#.......#......
..........#..##
...............
...............
.......S.......
......w@g...%..
........g......
..............$
.............<.
....#..........
#######........
#########


You could see a worm, an adder and 2 hobgoblins.

Vanquished Creatures
  An adder (D:2)
  A bat (D:2)
  A kobold (D:2)
  A frilled lizard (D:2)
4 creatures vanquished.

Notes
Turn   | Place    | Note
-------+----------+-------------------------------------------
     0 | D:1      | dstrtnsr the Hill Orc Berserker began the quest for the Orb.
     0 | D:1      | Reached XP level 1. HP: 19/19 MP: 1/1
    11 | D:2      | Reached XP level 2. HP: 27/27 MP: 2/2
    22 | D:2      | HP: 9/27 [adder (2)]
    22 | D:2      | Slain by a worm

Vault maps used:
D:1:      dpeg_arrival_pits, patterned_corridor
D:2:      lemuel_doored_altar, overflow_temple_1_default, first_ration,
          minmay_tall_x

Action                   || total
-------------------------++-------
Melee: Hand axe          ||    10
Invok: Berserk           ||     1
 Stab: Sleeping          ||     1
Armor: Animal skin       ||     6
Dodge: Dodged            ||     5

Table legend:
 A = Spawn XP
 B = Non-spawn XP
 C = Spawn XP percentage of total XP
 D = Spawn monster count
 E = Non-spawn monster count
 F = Spawn count percentage of total count
 G = Total turns spent on level
                    A         B        C        D         E        F      G
               +---------+---------+-------+---------+---------+-------+---------
         Total |       0 |      18 |   0.0 |       0 |       4 |   0.0 |    22
               +---------+---------+-------+---------+---------+-------+---------
           D:2 |       0 |      18 |   0.0 |       0 |       4 |   0.0 |    20
               +---------+---------+-------+---------+---------+-------+---------
